 Dungeon Crawl Stone Soup version 0.31.0-11-ge490571c62 (webtiles) character file.

Game seed: 12710256994217977435

60 qw the Shooter (level 3, 0/18 HPs)
             Began as a Spriggan Hunter on Feb 3, 2024.
             Slain by a jackal (3 damage)
             ... on level 2 of the Dungeon.
             The game lasted 00:00:04 (1133 turns).

qw the Shooter (Spriggan Hunter)                    Turns: 1133, Time: 00:00:04

Health: 0/18       AC:  2    Str:  7    XL:     3   Next: 80%
Magic:  4/4        EV: 19    Int: 10    God:
Gold:   21         SH:  0    Dex: 20    Spells: 2/2 levels left

rFire   . . .        a - +0 shortbow
rCold   . . .        (shield currently unavailable)
rNeg    . . .        c - +0 robe
rPois   +            (helmet restricted)
rElec   .            (no cloak)
rCorr   .            (gloves unavailable)
SInv    +            (boots unavailable)
Will    .....        (no amulet)
Stlth   ++           h - ring of poison resistance
HPRegen 0.23/turn    (no ring)
MPRegen 0.09/turn

%: no passive effects
@: very quick
A: very small, no large weapons, unfitting armour, see invisible, speed 3
a: no special abilities


You were on level 2 of the Dungeon.
You visited 1 branch of the dungeon, and saw 2 of its levels.

You collected 21 gold pieces.


Innate Abilities, Weirdness & Mutations

You are very small and have problems with some larger weapons.
You are too small for most types of armour.
You have supernaturally acute eyesight. (SInv)
You cover ground extremely quickly. (Speed+++)


   Skills:
 - Level 1.5 Fighting
 - Level 5.0 Ranged Weapons
 + Level 4.0 Dodging
 - Level 1.5 Stealth


You had 2 spell levels left.
You didn't know any spells.
Your spell library was empty.

Inventory:

Hand Weapons
 a - a +0 shortbow (weapon)
Armour
 c - a +0 robe (worn)
Jewellery
 g - a ring of willpower
 h - a ring of poison resistance (left hand)
Scrolls
 j - a scroll of fear {unknown}
Potions
 b - a potion of ambrosia {unknown}
 d - a potion of mutation {unknown}
 e - a potion of brilliance {unknown}
 f - a potion of degeneration {unknown}
 i - a potion of curing {unknown}
 k - a potion of cancellation {unknown}

Dungeon Overview and Level Annotations

Branches:
Dungeon (2/15)

Altars:
Elyvilon


Message History

The jackal completely misses you.
You shoot an arrow. The arrow barely misses the jackal.
The jackal completely misses you. The kobold misses you.
The jackal barely misses you.
A giant cockroach comes into view.
You shoot an arrow. The arrow closely misses the jackal.
The jackal completely misses you.
The jackal stops to sniff the ground.
The jackal completely misses you. The kobold hits you but does no damage.
The jackal completely misses you.
You shoot an arrow.
The arrow hits the jackal but does no damage.
The jackal bites you but does no damage.
The jackal completely misses you. The kobold hits you but does no damage.
The jackal bites you but does no damage.
You shoot an arrow.
The arrow hits the jackal but does no damage.
The jackal bites you. The jackal completely misses you.
The kobold closely misses you. The jackal barely misses you.
You shoot an arrow. The arrow closely misses the jackal.
The jackal misses you. The jackal completely misses you.
The kobold closely misses you. The jackal barely misses you.
The jackal misses you. The kobold hits you with a +0 club.
You shoot an arrow. The arrow closely misses the jackal.
The jackal misses you. The jackal bites you.
The kobold hits you with a +0 club. The jackal misses you.
You shoot an arrow.
The arrow hits the jackal but does no damage.
The jackal misses you. x2; The kobold closely misses you.
The jackal closely misses you.
You shoot an arrow. The arrow hits the jackal.
The jackal is heavily wounded.
The jackal bites you but does no damage.
The jackal misses you. The kobold hits you but does no damage.
The jackal closely misses you. x2
You shoot an arrow. The arrow hits the jackal.
The jackal is severely wounded.
The jackal misses you. x2; The kobold hits you with a +0 club.
The jackal bites you.
You die...

....<......#.[#
#.#
...........#
#.#
.....########
#.# .....# ..
#.#### .....# .
#....# #....#
##' #....#
#....# #$B#
#....# #....#
#.J8######.#
##>..#
#hh@..(.'.#
##...#
#.Kh....#.#
.....#
#..8######.#
####:# #..# ###
## ##' ?. ..
.## ###########


You could see an endoplasm, 3 jackals, a giant cockroach and a kobold.

Vanquished Creatures
  An adder (D:2)
  A dart slug (D:1)
  2 endoplasms (D:1)
  A giant cockroach (D:1)
  4 goblins
  8 hobgoblins
  2 jackals (D:2)
  2 kobolds
  5 quokkas
  3 ball pythons (D:1)
  2 bats (D:1)
  11 frilled lizards
  4 rats
46 creatures vanquished.

Notes
Turn   | Place    | Note
-------+----------+-------------------------------------------
     0 | D:1      | qw the Spriggan Hunter began the quest for the Orb.
     0 | D:1      | Reached XP level 1. HP: 10/10 MP: 2/2
     0 | D:1      | 0 ||| qw: Version: 0.3-a-155-g5e7d8dd
     0 | D:1      | 0 ||| qw: Game counter: 3084
     0 | D:1      | 0 ||| qw: Melee chars always use a shield: true
     0 | D:1      | 0 ||| qw: God list: Okawaru
     0 | D:1      | 0 ||| qw: Allow faded altars: false
     0 | D:1      | 0 ||| qw: Do Orc after clearing Dungeon:15 true
     0 | D:1      | 0 ||| qw: Do second Lair branch before Depths: true
     0 | D:1      | 0 ||| qw: Lair rune preference: random
     0 | D:1      | 0 ||| qw: Goals: Normal
     0 | D:1      | 0 ||| PLANNING D:1-11
    48 | D:1      | Reached skill level 3 in Dodging
    78 | D:1      | Reached XP level 2. HP: 14/14 MP: 3/3
   467 | D:1      | Reached XP level 3. HP: 18/18 MP: 4/4
   735 | D:1      | 735 ||| UPGRADING to ring of poison resistance.
   736 | D:1      | 736 ||| READING scroll labelled LYEHA QULLESCHU.
   737 | D:1      | 737 ||| READING scroll labelled SONUNI MINWUDE.
   738 | D:1      | 738 ||| READING scroll labelled OPIHEU JADET.
   739 | D:1      | 739 ||| DRINKING 2 yellow potions.
   776 | D:1      | 776 ||| DROPPING scroll of butterflies.
   777 | D:1      | 777 ||| DROPPING potion of lignification.
   806 | D:2      | Found a white marble altar of Elyvilon.
  1086 | D:2      | Reached skill level 5 in Ranged Weapons
  1087 | D:2      | 1087 ||| FLEEEEING.
  1090 | D:2      | 1090 ||| FLEEEEING.
  1092 | D:2      | 1092 ||| FLEEEEING.
  1130 | D:2      | HP: 4/18 [kobold/+0 club (4)]
  1133 | D:2      | Slain by a jackal

Levels and vault maps discovered:
D:1:      erik_arrival_orb_chamber, layout_loops_ring, serial_bayou_ford_a,
          minmay_misc_feat_pillars, minmay_lizard_pond
D:2:      minmay_chambers_of_twos, layout_rooms, serial_shops, shop, basic_altar

Skill      XL: |  1  2  3 |
---------------+----------+-----
Dodging        | 3 4 |  4.0
Ranged Weapons | 5 |  5.0
Fighting       | |  1.5
Stealth        | |  1.5

Action                     || total
---------------------------++-------
   Fire: Shortbow          ||   110
    Use: Scroll            ||     3
         Potion            ||     1
 Armour: Robe              ||    30
  Dodge: Dodged            ||    77

Table legend:
 A = Non-vault XP
 B = Vault XP
 C = Vault XP percentage of total XP
 D = Non-vault monster count
 E = Vault monster count
 F = Vault count percentage of total count
                 A         B        C        D         E       F
            +---------+---------+-------+---------+---------+-------
      Total |      60 |      26 |  30.2 |      33 |      13 |  28.3
            +---------+---------+-------+---------+---------+-------
        D:1 |      39 |      10 |  20.4 |      21 |      10 |  32.3
        D:2 |      21 |      16 |  43.2 |      12 |       3 |  20.0
            +---------+---------+-------+---------+---------+-------
